 Dungeon Sprint DCSS version 0.32-a0-576-g706899e69d (webtiles) character file.

Game seed: 8542093272612417069

8400000 Aldia the Intangible (level 27, -17/214 (228) HPs)
             Began as a Djinni Warper on Mar 1, 2024.
             Was the Champion of Makhleb.
             Killed from afar by a wretched soul (40 damage)
             ... with a bolt of negative energy
             ... in the Dungeon (Sprint VIII: "Arena of Blood").
             The game lasted 00:04:23 (84 turns).

Aldia the Intangible (Djinni Warper)                  Turns: 84, Time: 00:04:23

HP:   -17/214 (228) AC:  6    Str: 10    XL:     27
Gold: 0             EV: 33    Int: 20    God:    Makhleb [******] SH:  0 Dex: 22

rFire   + + .        i - +∞ Axe of Woe
rCold   x . .        (shield currently unavailable)
rNeg    . . .        b - +0 leather armour
rPois   ∞            (no helmet)
rElec   .            (no cloak)
rCorr   .            (no gloves)
SInv    .            (boots unavailable)
Will    ++...        (no amulet)
Stlth   ++++++++++   (no ring)
HPRegen 0.55/turn    (no ring)
MPRegen 0.00/turn

%: no teleportation, infuse magic (-18 HP)
@: flying, slowed, drained, very slow
A: sickness immunity, fire resistance 2, cold vulnerability 1, float, innate
caster, HP casting, extra vitality 1
a: Renounce Religion, Minor Destruction, Lesser Servant of Makhleb, Major
Destruction, Greater Servant of Makhleb


You were in the Dungeon.
You worshipped Makhleb.
Makhleb was exalted by your worship.
You visited 1 branch

Inventory:

Hand Weapons
 a - a +0 hand axe
 i - the +∞ Axe of Woe (weapon)
   (You found it in the Dungeon)
Missiles
 d - 7 darts of dispersal (quivered)
Armour
 b - a +0 leather armour (worn)
Scrolls
 c - 2 scrolls of blinking
Potions
 e - a potion of curing
 f - a potion of heal wounds
 g - a potion of haste
 h - a potion of berserk rage


   Skills:
 O Level 27 Fighting
 O Level 27 Short Blades
 O Level 27 Long Blades
 O Level 27 Axes
 O Level 27 Maces & Flails
 O Level 27 Polearms
 O Level 27 Staves
 O Level 27 Ranged Weapons
 O Level 27 Throwing
 O Level 27 Armour
 O Level 27 Dodging
 O Level 27 Stealth
 O Level 27 Shields
 O Level 27 Unarmed Combat
 O Level 27 Spellcasting
 O Level 27 Conjurations
 O Level 27 Hexes
   Level 0.0 Charms
 O Level 27 Summonings
 O Level 27 Necromancy
 O Level 27 Translocations
   Level 0.0 Transmutations
 O Level 27 Fire Magic
 O Level 27 Ice Magic
 O Level 27 Air Magic
 O Level 27 Earth Magic
 O Level 27 Alchemy
 O Level 27 Invocations
 O Level 27 Evocations
 O Level 27 Shapeshifting


You knew the following spells:

 Your Spells              Type           Power      Damage    Failure   Level
a - Blink                 Tloc           100%       N/A       0%          2
b - Lesser Beckoning      Tloc           100%       N/A       0%          2
c - Teleport Other        Tloc           94%        N/A       0%          3
d - Manifold Assault      Tloc           94%        N/A       0%          4
e - Vhi's Electric Charg  Tloc/Air       100%       N/A       0%          4
f - Necrotise             Necr           100%       1d9       0%          1
g - Searing Ray           Conj           100%       2d8       0%          2
h - Passwall              Erth           94%        N/A       0%          3
i - Swiftness             Air            94%        N/A       0%          3
j - Brom's Barrelling Bo  Conj/Erth      94%        2d10      0%          4
k - Fireball              Conj/Fire      47%        3d19      0%          5
l - Death Channel         Necr           47%        N/A       0%          6
m - Sculpt Simulacrum     Ice/Alch       47%        N/A       0%          6
n - Malign Gateway        Summ/Tloc      47%        N/A       1%          7
o - Discord               Hex            47%        N/A       1%          8
p - Haunt                 Necr/Summ      47%        N/A       1%          7
q - Shatter               Erth           47%        3d36*     1%          9
r - Fire Storm            Conj/Fire      47%        8d12      1%          9
Your spell library was empty.

Dungeon Overview and Level Annotations

Branches:
Dungeon (1/1)

Altars:
Makhleb


Innate Abilities, Weirdness & Mutations

You are immune to sickness and miasma.
You are immune to poison.
Your flesh is very heat resistant. (rF++)
You are vulnerable to cold. (rC-)
You float through the air rather than walking.
You learn spells naturally, not from books.
Your magical power is your life essence.
You have superior vitality. (+4 MHP)


Message History

The meat beast bites you!
* * * LOW HITPOINT WARNING * * *
The meat beast misses you.
The meat beast's many legs skitter.
Unknown command.
Unknown command.
The eight-headed meat hydra roars!
You slash the meat berserker!
You slaughter the meat berserker joyfully.
You kill the meat berserker!
Makhleb accepts your kill.
You feel better.
You hit the bag of meat.
You cleave the bag of meat in twain.
You kill the bag of meat!
Makhleb accepts your kill.
You feel better.
You slash the meat beast!
You dissect the meat beast like a pig carcass.
You kill the meat beast!
Makhleb accepts your kill.
You feel better.
You hit the meat berserker.
You butcher the meat berserker messily.
You kill the meat berserker!
Makhleb accepts your kill.
The dread calls on the powers of darkness!
The large bag of meat convulses!
Flame seeps out of the large bag of meat.
The bag of meat convulses! x4; Your body is wracked with pain!
The bag of meat convulses! x2; The eight-headed meat hydra convulses!
A bag of meat comes into view. It is wielding a +9 war axe. x2
The eight-headed meat hydra calls on the powers of darkness!
The eight-headed meat hydra convulses!
The bag of meat convulses! x5
The large bag of meat convulses!
Flame seeps out of the large bag of meat.
The bag of meat convulses! x3; Your body is wracked with pain!
* * * LOW HITPOINT WARNING * * *
The accursed casts a spell at you. Something smites you!
* * * LOW HITPOINT WARNING * * *
A bolt of negative energy appears from out of thin air!
The bolt of negative energy hits you!!!
You feel drained.
You die...

........)###..§.).
.#)).D...)_)...))
o......#)))..#
.o..oo.#_)<._#
.....oo#)))O.#..
.#..oOzW)._.....O
L....oo{§###......
....###§§...))###.
... #)@.....# )
#§).....#
.....§)§....)...
#....☼.☼..).2)..
....M......)....
#.....D........#
.....#........#.
.............o#
....##.#.......


You could see an accursed, a meat beast (fast), 2 eight-headed meat hydras, a
sculptor of flesh, a large bag of meat (inner flame), a dread and 9 bags of
meat.

Vanquished Creatures
  7 hell beasts (D)
  6 royal mummies (D)
  2 wraiths (D)
  13 vampire knights (D)
  37 ogres (D)
  7 two-headed ogres (D)
  3 liches (D)
  86 orcs (D)
  11 skeletal warriors (D)
172 creatures vanquished.

Notes
Turn   | Place    | Note
-------+----------+-------------------------------------------
     0 | D        | Found the +∞ Axe of Woe
     0 | D        | Aldia the Djinni Warper began the quest for the Orb.
     0 | D        | Aldia set off with the following spells memorised: Blink,
                  | Lesser Beckoning, Teleport Other, Manifold Assault, Vhi's
                  | Electric Charge.
     0 | D        | Reached XP level 1. HP: 18/18 MP: 0/0
     2 | D        | Noticed a bag of meat
     3 | D        | Noticed a bag of meat
     4 | D        | Became a worshipper of Makhleb the Destroyer
     5 | D        | Noticed a bag of meat
     5 | D        | Noticed a bag of meat
     6 | D        | Noticed a bag of meat
     7 | D        | Noticed a bag of meat
     7 | D        | Killed a bag of meat
     7 | D        | Noticed a meat berserker
     7 | D        | Noticed a bag of meat
     7 | D        | Noticed a bag of meat
     8 | D        | Reached skill level 15 in Axes
     8 | D        | Reached XP level 2. HP: 40/40 MP: 0/0
     8 | D        | Reached XP level 3. HP: 45/45 MP: 0/0
     8 | D        | Learned a level 1 spell: Necrotise
     8 | D        | Reached XP level 4. HP: 51/51 MP: 0/0
     8 | D        | Reached XP level 5. HP: 57/57 MP: 0/0
     8 | D        | Learned a level 2 spell: Searing Ray
     8 | D        | Reached XP level 6. HP: 63/63 MP: 0/0
     8 | D        | Reached XP level 7. HP: 68/68 MP: 0/0
     8 | D        | Learned a level 3 spell: Passwall
     8 | D        | Reached XP level 8. HP: 75/75 MP: 0/0
     8 | D        | Reached XP level 9. HP: 80/80 MP: 0/0
     8 | D        | Learned a level 3 spell: Swiftness
     8 | D        | Reached XP level 10. HP: 86/86 MP: 0/0
     8 | D        | Reached XP level 11. HP: 92/92 MP: 0/0
     8 | D        | Learned a level 4 spell: Brom's Barrelling Boulder
     8 | D        | Noticed a bag of meat
     8 | D        | Noticed a bag of meat
     9 | D        | Killed a bag of meat
     9 | D        | Reached * piety under Makhleb
     9 | D        | Noticed a meat berserker
    10 | D        | Reached skill level 15 in Fighting
    10 | D        | Reached skill level 5 in Spellcasting
    10 | D        | Reached skill level 5 in Conjurations
    10 | D        | Reached skill level 5 in Hexes
    10 | D        | Reached skill level 5 in Summonings
    10 | D        | Reached skill level 5 in Necromancy
    10 | D        | Reached skill level 5 in Translocations
    10 | D        | Reached skill level 5 in Fire Magic
    10 | D        | Reached skill level 5 in Ice Magic
    10 | D        | Reached skill level 5 in Air Magic
    10 | D        | Reached skill level 5 in Earth Magic
    10 | D        | Reached skill level 5 in Alchemy
    10 | D        | Reached XP level 12. HP: 102/102 MP: 0/0
    10 | D        | Noticed a bag of meat
    10 | D        | Killed a bag of meat
    10 | D        | Killed a bag of meat
    10 | D        | Noticed a bag of meat
    11 | D        | Reached XP level 13. HP: 112/112 MP: 0/0
    11 | D        | Learned a level 5 spell: Fireball
    11 | D        | Killed a bag of meat
    11 | D        | Reached ** piety under Makhleb
    11 | D        | Noticed a meat berserker
    12 | D        | Reached XP level 14. HP: 120/120 MP: 0/0
    12 | D        | Killed a bag of meat
    12 | D        | Noticed a meat berserker
    13 | D        | Killed a bag of meat
    13 | D        | Killed a meat berserker
    13 | D        | Noticed a bag of meat
    14 | D        | Reached skill level 15 in Invocations
    14 | D        | Reached XP level 15. HP: 80/130 MP: 0/0
    14 | D        | Learned a level 6 spell: Death Channel
    14 | D        | Reached *** piety under Makhleb
    14 | D        | Killed a meat berserker
    14 | D        | Killed a meat berserker
    14 | D        | Reached **** piety under Makhleb
    14 | D        | Noticed a meat berserker
    15 | D        | Reached skill level 15 in Spellcasting
    15 | D        | Reached skill level 15 in Conjurations
    15 | D        | Reached skill level 15 in Hexes
    15 | D        | Reached skill level 15 in Summonings
    15 | D        | Reached skill level 15 in Necromancy
    15 | D        | Reached skill level 15 in Translocations
    15 | D        | Reached skill level 15 in Fire Magic
    15 | D        | Reached skill level 15 in Ice Magic
    15 | D        | Reached skill level 15 in Air Magic
    15 | D        | Reached skill level 15 in Earth Magic
    15 | D        | Reached skill level 15 in Alchemy
    15 | D        | Reached XP level 16. HP: 145/145 MP: 0/0
    15 | D        | Reached XP level 17. HP: 150/150 MP: 0/0
    15 | D        | Learned a level 6 spell: Sculpt Simulacrum
    15 | D        | Noticed a meat berserker
    15 | D        | Noticed a meat berserker
    15 | D        | Noticed a meat berserker
    16 | D        | Killed a meat berserker
    17 | D        | Reached ***** piety under Makhleb
    18 | D        | Killed a meat berserker
    19 | D        | Reached skill level 27 in Dodging
    19 | D        | Reached XP level 18. HP: 163/163 MP: 0/0
    20 | D        | Killed a meat berserker
    21 | D        | Reached skill level 27 in Fighting
    21 | D        | Reached XP level 19. HP: 174/174 MP: 0/0
    21 | D        | Learned a level 7 spell: Malign Gateway
    21 | D        | Killed a meat berserker
    21 | D        | Reached ****** piety under Makhleb
    21 | D        | Noticed a meat berserker
    22 | D        | Killed a meat berserker
    23 | D        | Reached skill level 27 in Axes
    23 | D        | Reached skill level 27 in Invocations
    23 | D        | Killed a meat berserker
    23 | D        | Noticed a meat berserker
    24 | D        | Reached skill level 27 in Spellcasting
    24 | D        | Reached skill level 27 in Conjurations
    24 | D        | Reached skill level 27 in Hexes
    24 | D        | Reached skill level 27 in Summonings
    24 | D        | Reached skill level 27 in Necromancy
    24 | D        | Reached skill level 27 in Translocations
    24 | D        | Reached skill level 27 in Fire Magic
    24 | D        | Reached skill level 27 in Ice Magic
    24 | D        | Reached skill level 27 in Air Magic
    24 | D        | Reached skill level 27 in Earth Magic
    24 | D        | Reached skill level 27 in Alchemy
    24 | D        | Reached XP level 20. HP: 181/181 MP: 0/0
    24 | D        | Killed a meat berserker
    24 | D        | Noticed a meat berserker
    25 | D        | Reached skill level 27 in Armour
    25 | D        | Reached XP level 21. HP: 187/187 MP: 0/0
    25 | D        | Learned a level 8 spell: Discord
    28 | D        | Noticed a destroyer
    29 | D        | Noticed a destroyer
    29 | D        | Noticed a destroyer
    29 | D        | Noticed a destroyer
    29 | D        | Noticed a large bag of meat
    29 | D        | Noticed a meat berserker
    30 | D        | Killed a meat berserker
    31 | D        | Reached skill level 15 in Unarmed Combat
    31 | D        | Killed a destroyer
    31 | D        | Noticed a destroyer
    31 | D        | Noticed a meat berserker
    31 | D        | Noticed a meat berserker
    31 | D        | Noticed a meat berserker
    32 | D        | Reached XP level 22. HP: 194/194 MP: 0/0
    32 | D        | Killed a destroyer
    32 | D        | Killed a destroyer
    32 | D        | Killed a destroyer
    33 | D        | Reached XP level 23. HP: 201/201 MP: 0/0
    33 | D        | Learned a level 7 spell: Haunt
    34 | D        | Reached skill level 27 in Unarmed Combat
    34 | D        | Noticed a destroyer
    35 | D        | Reached skill level 27 in Throwing
    35 | D        | Reached skill level 27 in Stealth
    35 | D        | Reached skill level 5 in Maces & Flails
    35 | D        | Reached skill level 5 in Polearms
    35 | D        | Killed a destroyer
    36 | D        | Reached XP level 24. HP: 208/208 MP: 0/0
    36 | D        | Noticed a destroyer
    36 | D        | Killed a large bag of meat
    36 | D        | Noticed a destroyer
    36 | D        | Noticed a large bag of meat
    37 | D        | Noticed a large bag of meat
    40 | D        | Reached XP level 25. HP: 209/214 MP: 0/0
    40 | D        | Learned a level 9 spell: Shatter
    42 | D        | Reached skill level 27 in Maces & Flails
    42 | D        | Reached skill level 27 in Polearms
    43 | D        | Reached skill level 15 in Staves
    43 | D        | Noticed a large bag of meat
    43 | D        | Noticed a large bag of meat
    45 | D        | Killed a large bag of meat
    45 | D        | Noticed a destroyer
    46 | D        | Reached skill level 27 in Staves
    46 | D        | Reached XP level 26. HP: 203/221 MP: 0/0
    46 | D        | Killed a destroyer
    46 | D        | Noticed a destroyer
    47 | D        | Reached skill level 10 in Shields
    47 | D        | Reached skill level 10 in Evocations
    48 | D        | Reached skill level 10 in Short Blades
    48 | D        | Reached skill level 10 in Long Blades
    48 | D        | Noticed an accursed
    49 | D        | Reached XP level 27. HP: 224/228 MP: 0/0
    49 | D        | Learned a level 9 spell: Fire Storm
    49 | D        | Noticed a tyrant
    49 | D        | Noticed an accursed
    49 | D        | Killed a destroyer
    50 | D        | Reached skill level 15 in Short Blades
    50 | D        | Reached skill level 15 in Long Blades
    50 | D        | Noticed a destroyer
    51 | D        | Killed a large bag of meat
    51 | D        | Killed an accursed
    51 | D        | Noticed a destroyer
    52 | D        | Killed a destroyer
    52 | D        | Killed a large bag of meat
    52 | D        | Noticed a tyrant
    53 | D        | Killed a large bag of meat
    53 | D        | Noticed an accursed
    54 | D        | Killed a destroyer
    54 | D        | Killed a destroyer
    56 | D        | Reached skill level 27 in Shields
    56 | D        | Reached skill level 27 in Evocations
    56 | D        | Noticed a tyrant
    57 | D        | Reached skill level 27 in Short Blades
    57 | D        | Reached skill level 27 in Long Blades
    58 | D        | Reached skill level 27 in Ranged Weapons
    58 | D        | Reached skill level 27 in Shapeshifting
    58 | D        | Killed a destroyer
    58 | D        | Killed an accursed
    59 | D        | Noticed a meat beast
    59 | D        | Killed a tyrant
    62 | D        | Killed a destroyer
    64 | D        | Killed a meat beast
    64 | D        | Noticed a destroyer
    66 | D        | Noticed a meat beast
    66 | D        | Noticed an accursed
    67 | D        | Noticed a meat beast
    68 | D        | Killed an accursed
    68 | D        | Noticed a dread
    69 | D        | Killed a tyrant
    69 | D        | Killed a tyrant
    69 | D        | Noticed a meat beast
    69 | D        | Noticed a dread
    71 | D        | Killed a meat beast
    71 | D        | Noticed an accursed
    71 | D        | Noticed a large bag of meat
    72 | D        | Noticed an accursed
    73 | D        | Killed a meat beast
    73 | D        | Killed a meat beast
    73 | D        | Killed a destroyer
    74 | D        | Noticed a large bag of meat
    76 | D        | Noticed an accursed
    77 | D        | Killed an accursed
    77 | D        | Noticed a meat beast
    79 | D        | Killed an accursed
    79 | D        | Noticed a meat beast
    80 | D        | Killed a large bag of meat
    80 | D        | Noticed a dread
    80 | D        | Noticed a large bag of meat
    81 | D        | Killed a meat beast
    81 | D        | Killed a dread
    81 | D        | Killed a large bag of meat
    81 | D        | Killed a meat beast
    81 | D        | Killed a dread
    83 | D        | Noticed a meat beast
    83 | D        | Killed an accursed
    83 | D        | Noticed a meat beast
    84 | D        | Killed a meat beast
    84 | D        | Killed from afar by a wretched soul

Illustrated notes

Levels and vault maps discovered:
D:        meatsprint

Skill      XL: |  1  2  3  4  5  6  7  8  9 10 11 12 13 14 15 16 17 18 19 20 21 22 23 24 25 26 27 |
---------------+----------------------------------------------------------------------------------+-----
Fighting       | 13 15 17 20 23 25 27 | 27.0
Axes           | 15 16 17 18 20 22 23 25 27 | 27.0
Dodging        | 14 16 18 19 21 24 27 | 27.0
Spellcasting   | 5 7 9 12 15 18 20 27 | 27.0
Conjurations   | 5 7 9 12 15 18 20 27 | 27.0
Hexes          | 5 7 9 12 15 18 20 27 | 27.0
Summonings     | 5 7 9 12 15 18 20 27 | 27.0
Necromancy     | 5 7 9 12 15 18 20 27 | 27.0
Translocations | 5 7 9 12 15 18 20 27 | 27.0
Fire Magic     | 5 7 9 12 15 18 20 27 | 27.0
Ice Magic      | 5 7 9 12 15 18 20 27 | 27.0
Air Magic      | 5 7 9 12 15 18 20 27 | 27.0
Earth Magic    | 5 7 9 12 15 18 20 27 | 27.0
Alchemy        | 5 7 9 12 15 18 20 27 | 27.0
Invocations    | 7 11 12 15 19 22 25 27 | 27.0
Armour         | 17 27 | 27.0
Throwing       | 3 17 22 27 | 27.0
Stealth        | 3 19 24 27 | 27.0
Unarmed Combat | 3 20 26 27 | 27.0
Maces & Flails | 13 23 27 | 27.0
Polearms       | 13 23 27 | 27.0
Staves         | 27 | 27.0
Short Blades   | 2 13 27 | 27.0
Long Blades    | 2 13 27 | 27.0
Ranged Weapons | 2 12 27 | 27.0
Shields        | 2 14 27 | 27.0
Evocations     | 2 14 27 | 27.0
Shapeshifting  | 2 12 27 | 27.0

Action                     |  1- 3 |  4- 6 |  7- 9 | 10-12 | 13-15 | 16-18 | 19-21 | 22-24 | 25-27 || total
---------------------------+-------+-------+-------+-------+-------+-------+-------+-------+-------++-------
  Melee: Executioner's axe |     1 |       |       |     2 |     4 |     7 |    19 |    10 |    48 ||    91
   Cast: Manifold Assault  |       |       |       |       |       |     1 |     4 |     1 |     2 ||     8
 Armour: Leather armour    |       |       |       |       |     2 |     1 |       |     5 |    52 ||    60
  Dodge: Dodged            |       |       |       |       |       |       |       |       |     6 ||     6

Table legend: (Time is in decaauts)
 A = Elapsed time spent in this place.
 B = Non-inter-level travel time spent in this place.
 C = Inter-level travel time spent in this place.
 D = Time resting spent in this place.
 E = Time spent auto-exploring this place.
 F = Levels seen in this place.
 G = Mean time per level.
                   A        B        C        D        E       F      G
               +--------+--------+--------+--------+--------+-----+--------+
         Total |     68 |     68 |      0 |      0 |      0 |   1 |   68.0 |
       Dungeon |     68 |     68 |      0 |      0 |      0 |   1 |   68.0 |
               +--------+--------+--------+--------+--------+-----+--------+

Top non-repeatable levels by time:
       D: 68 daAuts
